 Dungeon Crawl Stone Soup version 0.23.2-1-ga50397a (webtiles) character file.

Game seed: 797267121935667079

105 Goblin1989 the Caller (level 4, -3/32 HPs)
             Began as a Gnoll Summoner on May 13, 2019.
             Killed by divine providence
             ... invoked by an orc priest
              (12 damage)
             ... on level 3 of the Dungeon.
             The game lasted 00:06:11 (3071 turns).

Goblin1989 the Caller (Gnoll Summoner)              Turns: 3071, Time: 00:06:12

Health: -3/32      AC:  3    Str: 11    XL:     4   Next: 81%
Magic:  7/11       EV: 15    Int: 18    God:
Gold:   106        SH:  0    Dex: 15    Spells: 10/13 levels left

rFire    . . .     SeeInvis .   t - +0 hunting sling (flame)
rCold    . . .     Gourm    .   (no shield)
rNeg     . . .     Faith    .   a - +0 robe
rPois    .         Spirit   .   (no helmet)
rElec    .         Reflect  .   (no cloak)
rCorr    .         Harm     .   k - +0 pair of gloves
MR       .....                  (no boots)
Stlth    +++.......             (no amulet)
HPRegen  0.10/turn              (no ring)
MPRegen  0.12/turn              (no ring)

@: no status effects
A: distributed training, fangs 1, strong nose
a: no special abilities


You were on level 3 of the Dungeon.
You were not hungry.

You visited 1 branch of the dungeon, and saw 3 of its levels.

You collected 106 gold pieces.

Inventory:

Hand Weapons
 i - a +0 spear
 t - a +0 hunting sling of flaming (weapon)
Missiles
 n - 47 stones {@Q3}
 u - 20 sling bullets (quivered)
 w - 30 bolts
 z - 38 arrows
 B - 3 tomahawks
Armour
 a - a +0 robe (worn)
 k - a +0 pair of gloves (worn)
Jewellery
 j - an uncursed ring of see invisible {unknown}
Scrolls
 f - a scroll of enchant armour {unknown}
 h - 7 scrolls of identify {unknown}
 l - a scroll of teleportation {unknown}
 o - 3 scrolls of remove curse {unknown}
 q - a scroll of fear {unknown}
 y - a scroll of fog {unknown}
 C - a scroll of magic mapping {unknown}
Potions
 p - a potion of degeneration {unknown}
 r - a potion of haste {unknown}
 s - a potion of curing {unknown}
 v - a potion of invisibility {unknown}
 x - a potion of flight {unknown}
Comestibles
 e - 5 rations
 A - 6 chunks of flesh


   Skills:
 + Level 1.2 Fighting
 + Level 1.2 Short Blades
 + Level 1.2 Long Blades
 + Level 1.2 Axes
 + Level 1.2 Maces & Flails
 + Level 1.2 Polearms
 + Level 1.2 Staves
 + Level 1.2 Slings
 + Level 1.2 Bows
 + Level 1.2 Crossbows
 + Level 1.2 Throwing
 + Level 1.2 Armour
 + Level 4.7 Dodging
 + Level 4.3 Stealth
 + Level 1.2 Shields
 + Level 1.2 Unarmed Combat
 + Level 5.1 Spellcasting
 + Level 1.0 Conjurations
 + Level 1.0 Hexes
 + Level 1.0 Charms
 + Level 7.1 Summonings
 + Level 1.0 Necromancy
 + Level 1.0 Translocations
 + Level 1.0 Transmutations
 + Level 1.0 Fire Magic
 + Level 1.0 Ice Magic
 + Level 1.0 Air Magic
 + Level 1.0 Earth Magic
 + Level 1.0 Poison Magic
 + Level 1.3 Invocations
 + Level 1.2 Evocations


You had 10 spell levels left.
You knew the following spells:

 Your Spells              Type           Power        Failure   Level  Hunger
a - Summon Small Mammal   Summ           ####         1%          1    None
b - Call Imp              Summ           ####....     1%          2    #......

Your spell library contained the following spells:

 Spells                   Type           Power        Failure   Level  Hunger
 Call Canine Familiar     Summ           ####....     1%          3    ##.....
 Summon Guardian Golem    Hex/Summ       ###.....     8%          3    ##.....
 Summon Ice Beast         Ice/Summ       ###.....     24%         4    ####...
 Summon Lightning Spire   Summ/Air       ###.....     24%         4    ####...


Dungeon Overview and Level Annotations

Branches:
Dungeon (3/15)

Altars:


Innate Abilities, Weirdness & Mutations

Your experience applies equally to all skills.
You have very sharp teeth.
Your uncanny sense of smell can sniff out nearby items.


Message History

You shoot a stone {@Q3}. The stone {@Q3} closely misses the orc.
An orc priest comes into view. It is wielding a +0 hand axe.
Firing (i - inventory. (/) - cycle)
n - 55 stones (quivered)
{@Q3}
Press: ? - help, Shift-Dir - straight line, f/p - orc
Aim: an orc, wielding a +0 hand axe (almost dead)
You shoot a stone {@Q3}. The stone {@Q3} closely misses the orc.
Firing (i - inventory. (/) - cycle)
n - 54 stones (quivered)
{@Q3}
Press: ? - help, Shift-Dir - straight line, f/p - orc
Aim: an orc, wielding a +0 hand axe (almost dead)
You shoot a stone {@Q3}. The stone {@Q3} barely misses the orc.
Firing (i - inventory. (/) - cycle)
n - 53 stones (quivered)
{@Q3}
Press: ? - help, Shift-Dir - straight line, f/p - orc
Aim: an orc, wielding a +0 hand axe (almost dead)
You shoot a stone {@Q3}. The stone {@Q3} hits the orc.
The stone {@Q3} burns the orc.
You kill the orc!
Firing (i - inventory. (/) - cycle)
n - 52 stones (quivered)
{@Q3}
Press: ? - help, Shift-Dir - straight line, f - orc priest
Aim: an orc priest, wielding a +0 hand axe You shoot a stone {@Q3}.
The stone {@Q3} hits the orc priest but does no damage.
The orc priest looks braver for a moment.
Firing (i - inventory. (/) - cycle)
n - 51 stones (quivered)
{@Q3}
Press: ? - help, Shift-Dir - straight line, f/p - orc priest
Aim: an orc priest, wielding a +0 hand axe You shoot a stone {@Q3}.
The stone {@Q3} hits the orc priest.
The stone {@Q3} burns the orc priest.
The orc priest is lightly wounded.
The orc priest begins to cast a cantrip, but forgets the words!
Firing (i - inventory. (/) - cycle)
n - 50 stones (quivered)
{@Q3}
Press: ? - help, Shift-Dir - straight line, f/p - orc priest
Aim: an orc priest, wielding a +0 hand axe (lightly wounded)
You shoot a stone {@Q3}.
The stone {@Q3} closely misses the orc priest.
The orc priest calls down the wrath of Beogh upon you.
Beogh smites you!
Firing (i - inventory. (/) - cycle)
n - 49 stones (quivered)
{@Q3}
Press: ? - help, Shift-Dir - straight line, f/p - orc priest
Aim: an orc priest, wielding a +0 hand axe (lightly wounded)
You shoot a stone {@Q3}.
The stone {@Q3} closely misses the orc priest.
The orc priest invokes the aid of Beogh against you.
Beogh smites you!
* * * LOW HITPOINT WARNING * * *
You are too injured to fight recklessly!
You are too injured to fight recklessly!
You are too injured to fight recklessly!
You are too injured to fight recklessly!
You are too injured to fight recklessly!
You are too injured to fight recklessly!
You are too injured to fight recklessly!
You are too injured to fight recklessly!
You take 23 damage, and have 9/32 hp.
MASSIVE DAMAGE!!
You are too injured to fight recklessly!
You are too injured to fight recklessly!
You are too injured to fight recklessly!
An orc priest is nearby!
An orc priest is nearby!
Okay, then.
Casting: Summon Small Mammal (safe; 1% risk of failure)
Confirm with . or Enter, or press ? or * to list all spells.
A beastly little devil appears in a puff of flame.
You now have 9/11 mp.
Unknown command.
Casting: Call Imp (safe; 1% risk of failure)
Confirm with . or Enter, or press ? or * to list all spells.
A beastly little devil appears in a puff of flame.
You now have 7/11 mp.
Unknown command.
Your crimson imp hits the orc priest.
Your crimson imp closely misses the orc priest.
Firing (i - inventory. (/) - cycle)
n - 48 stones (quivered)
{@Q3}
Press: ? - help, Shift-Dir - straight line, f/p - orc priest
Aim: an orc priest, wielding a +0 hand axe (lightly wounded) Really fire in your crimson imp's direction?
Okay, then.
Firing (i - inventory. (/) - cycle)
n - 48 stones (quivered)
{@Q3}
Press: ? - help, Shift-Dir - straight line, p - orc priest You shoot a stone {@Q3}.
The stone {@Q3} hits the orc priest.
The stone {@Q3} burns the orc priest.
The orc priest is heavily wounded.
The orc priest completely misses you.
The orc priest hits your crimson imp but does no damage.
The orc priest closely misses your crimson imp.
Your crimson imp blinks!
Your crimson imp closely misses the orc priest.
Unknown command.
Firing (i - inventory. (/) - cycle)
n - 47 stones (quivered)
{@Q3}
Press: ? - help, Shift-Dir - straight line, f - orc priest
Aim: an orc priest, wielding a +0 hand axe (heavily wounded)
Okay, then.
Quiver which item? (- for none, * to show all) (? for menu, Esc to quit)
Quivering
u - 21 sling bullets for slings.
Firing (i - inventory. (/) - cycle)
u - 21 sling bullets (quivered)
Press: ? - help, Shift-Dir - straight line You shoot a sling bullet.
The sling bullet closely misses the orc priest.
The orc priest invokes the aid of Beogh against you.
Beogh smites you!
You die...

... .... .....
.....██████ ▲
....).....█████.█...
.........P..P.......
....(o.(P§.5≈.≈♣..██
...(.██♣o.≈≈♣≈≈≈...█
((( █P@5♣≈≈≈≈♣≈.(.█
█ █♣.P≈≈≈≈♣≈...♣
♣....≈♣≈≈..♣
♣....≈÷....█
.....█♣.....♣▲████
.....█████.█.....█
...........█.....█
.█...█████÷█.....█
................█


You could see an orc priest and 2 friendly crimson imps.

Vanquished Creatures
  3 adders
  A dart slug (D:2)
  3 leopard geckos
  An orc (D:3)
  3 giant cockroaches
  5 goblins
  3 hobgoblins
  8 jackals
  8 kobolds
  2 quokkas
  2 ball pythons (D:1)
  7 bats (D:2)
  4 frilled lizards
  7 rats
57 creatures vanquished.

Vanquished Creatures (collateral kills)
  An adder (D:2)
  2 leopard geckos (D:1)
  A giant cockroach (D:1)
  A kobold (D:1)
  2 frilled lizards (D:1)
7 creatures vanquished.

Grand Total: 64 creatures vanquished

Notes
Turn   | Place    | Note
-------+----------+-------------------------------------------
     0 | D:1      | Goblin1989 the Gnoll Summoner began the quest for the Orb.
     0 | D:1      | Reached XP level 1. HP: 13/13 MP: 6/6
   316 | D:1      | Reached XP level 2. HP: 19/19 MP: 7/7
   969 | D:1      | Reached XP level 3. HP: 16/25 MP: 9/9
   973 | D:1      | Learned a level 2 spell: Call Imp
  1104 | D:1      | Reached skill level 5 in Spellcasting
  1493 | D:2      | Reached skill level 1 in Invocations
  1818 | D:2      | Reached skill level 1 in Fighting
  1818 | D:2      | Reached skill level 1 in Short Blades
  1818 | D:2      | Reached skill level 1 in Long Blades
  1818 | D:2      | Reached skill level 1 in Axes
  1818 | D:2      | Reached skill level 1 in Maces & Flails
  1818 | D:2      | Reached skill level 1 in Polearms
  1818 | D:2      | Reached skill level 1 in Staves
  1818 | D:2      | Reached skill level 1 in Slings
  1818 | D:2      | Reached skill level 1 in Bows
  1818 | D:2      | Reached skill level 1 in Crossbows
  1818 | D:2      | Reached skill level 1 in Throwing
  1818 | D:2      | Reached skill level 1 in Armour
  1818 | D:2      | Reached skill level 1 in Shields
  1818 | D:2      | Reached skill level 1 in Unarmed Combat
  1818 | D:2      | Reached skill level 1 in Evocations
  1818 | D:2      | Reached XP level 4. HP: 30/32 MP: 11/11
  3015 | D:3      | Reached skill level 1 in Conjurations
  3015 | D:3      | Reached skill level 1 in Hexes
  3015 | D:3      | Reached skill level 1 in Charms
  3015 | D:3      | Reached skill level 1 in Necromancy
  3015 | D:3      | Reached skill level 1 in Translocations
  3015 | D:3      | Reached skill level 1 in Transmutations
  3015 | D:3      | Reached skill level 1 in Fire Magic
  3015 | D:3      | Reached skill level 1 in Ice Magic
  3015 | D:3      | Reached skill level 1 in Air Magic
  3015 | D:3      | Reached skill level 1 in Earth Magic
  3015 | D:3      | Reached skill level 1 in Poison Magic
  3071 | D:3      | Killed from afar by an orc priest

Skill      XL: |  1  2  3  4 |
---------------+-------------+-----
Spellcasting   | 5 |  5.1
Invocations    | 1 |  1.3
Fighting       | 1 |  1.2
Short Blades   | 1 |  1.2
Long Blades    | 1 |  1.2
Axes           | 1 |  1.2
Maces & Flails | 1 |  1.2
Polearms       | 1 |  1.2
Staves         | 1 |  1.2
Slings         | 1 |  1.2
Bows           | 1 |  1.2
Crossbows      | 1 |  1.2
Throwing       | 1 |  1.2
Armour         | 1 |  1.2
Shields        | 1 |  1.2
Unarmed Combat | 1 |  1.2
Evocations     | 1 |  1.2
Conjurations   | 1 |  1.0
Hexes          | 1 |  1.0
Charms         | 1 |  1.0
Necromancy     | 1 |  1.0
Translocations | 1 |  1.0
Transmutations | 1 |  1.0
Fire Magic     | 1 |  1.0
Ice Magic      | 1 |  1.0
Air Magic      | 1 |  1.0
Earth Magic    | 1 |  1.0
Poison Magic   | 1 |  1.0
Dodging        | |  4.7
Stealth        | |  4.3
Summonings     | |  7.1

Action                   |  1- 3 |  4- 6 || total
-------------------------+-------+-------++-------
Melee: Unarmed           |    10 |       ||    10
       Spear             |    86 |       ||    86
       Bite              |     9 |       ||     9
 Fire: Hunting sling     |    48 |    89 ||   137
 Cast: Summon Small Mamm |    20 |       ||    20
       Call Imp          |       |     2 ||     2
 Stab: Sleeping          |     4 |       ||     4
       Distracted        |     1 |       ||     1
  Eat: Chunk             |     3 |     4 ||     7
Armor: Robe              |    41 |     8 ||    49
Dodge: Dodged            |   103 |    36 ||   139

Levels and vault maps discovered:
D:1:      psy_arrival_conway, layout_rooms
D:2:      layout_basic, first_ration
D:3:      layout_basic, overflow_temple_1_default, serial_bayou_pond_a,
          chequers_serial_rivers_micro_a, minmay_misc_feat_plants, hex_large,
          minmay_door_square
